 Dungeon Crawl Stone Soup version 0.30-a0-241-g1121274140 (webtiles) character file.

Game seed: 4110194571818334280

139 qw the Chopper (level 5, 0/32 HPs)
             Began as a Gargoyle Fighter on Oct 10, 2022.
             Slain by a gnoll bouda
             ... wielding a +0 whip
              (9 damage)
             ... on level 3 of the Dungeon.
             The game lasted 00:00:48 (1903 turns).

qw the Chopper (Gargoyle Fighter)                   Turns: 1903, Time: 00:00:48

Health: 0/32       AC: 10    Str: 22    XL:     5   Next: 22%
Magic:  5/5        EV:  9    Int:  8    God:
Gold:   191        SH:  4    Dex:  9    Spells: 4/4 levels left

rFire   . . .      SeeInvis .    o - +0 broad axe
rCold   . . .      Faith    .    c - +0 buckler
rNeg    + . .      Spirit   .    b - +0 scale mail
rPois   inf        Reflect  .    (no helmet)
rElec   +          Harm     .    (no cloak)
rCorr   .          Rampage  .    (no gloves)
Will    .....                    (no boots)
Stlth   ..........               (no amulet)
HPRegen 0.25/turn                (no ring)
MPRegen 0.09/turn                (no ring)

@: no status effects
A: sickness immunity, AC +4, negative energy resistance 1, electricity
resistance, torment resistance 1, petrification resistance
a: no special abilities


You were on level 3 of the Dungeon.
You visited 1 branch of the dungeon, and saw 3 of its levels.

You collected 191 gold pieces.


Innate Abilities, Weirdness & Mutations

You are immune to sickness and miasma.
Your stone body is resilient. (AC +4)
You are immune to poison.
You resist negative energy. (rN+)
You are resistant to electric shocks. (rElec)
You are resistant to unholy torment.
You are immune to petrification.


   Skills:
 - Level 3.2 Fighting
 + Level 4.4 Axes
 - Level 1.3 Throwing
 - Level 3.2 Armour
 - Level 3.2 Shields


You had 4 spell levels left.
You didn't know any spells.
Your spell library was empty.

Inventory:

Hand Weapons
 h - a +0 mace
 o - a +0 broad axe (weapon)
Missiles
 l - 5 javelins (quivered)
Armour
 b - a +0 scale mail (worn)
 c - a +0 buckler (worn)
 g - a +2 robe of fire resistance
 q - a +0 helmet of see invisible
Scrolls
 a - a scroll of teleportation
 j - 2 scrolls of identify
 n - a scroll of enchant armour {unknown}
 p - a scroll of butterflies {unknown}
Potions
 d - 2 potions of might
 e - a potion of curing
 f - a potion of cancellation
 i - a potion of degeneration {unknown}
 k - a potion of haste {unknown}
 m - a potion of magic {unknown}

Dungeon Overview and Level Annotations

Branches:
Dungeon (3/15)

Altars:
Fedhas
Uskayaw


Message History

You slash the gnoll bouda!
The gnoll bouda is severely wounded.
You hit the kobold.
You kill the kobold!
The bat hits you but does no damage. You block the bat's attack.
The gnoll bouda closely misses you.
You barely miss the gnoll bouda.
The gnoll bouda is severely wounded.
You closely miss the bat. The bat completely misses you.
The gnoll bouda hits you but does no damage.
You block the bat's attack.
The gnoll bouda gazes fiercely through you!
You feel your attacks grow feeble.
The gnoll bouda hits you with a +0 whip.
You hit the gnoll bouda.
The gnoll bouda is severely wounded.
You slash the bat!
You kill the bat!
The gnoll bouda hits you with a +0 whip.
You barely miss the gnoll bouda.
The gnoll bouda is severely wounded.
You hit the kobold.
You kill the kobold!
The gnoll bouda hits you with a +0 whip!
The gnoll bouda prays to its god.
The gnoll bouda is healed somewhat.
You closely miss the gnoll bouda.
The gnoll bouda is heavily wounded.
The gnoll bouda hits you but does no damage.
You hit the gnoll bouda.
The gnoll bouda is heavily wounded.
The gnoll bouda prays to its god.
The gnoll bouda is healed somewhat.
The gnoll bouda hits you with a +0 whip.
You barely miss the gnoll bouda.
The gnoll bouda is moderately wounded.
Your attacks no longer feel as feeble.
The gnoll bouda hits you with a +0 whip!
You die...

.#.####.##....#
.#.####.##..#.#
...............
...####..#..##### #
..........>##...# .##
##.####..####.8.+##..
.....##..####...#..#
...........##...#)#
##.......#..'.8.@#
############...#gr#
#...#w..# #.8.+#...#
#...# #..+ ##### ###


You could see a gnoll bouda, a worm and a quokka.

Vanquished Creatures
  A hound (D:2)
  An iguana (D:3)
  An adder (D:2)
  A worm (D:2)
  A dart slug (D:2)
  8 ball pythons
  9 endoplasms
  4 giant cockroaches (D:2)
  6 goblins
  9 hobgoblins
  2 jackals (D:1)
  4 kobolds
  3 quokkas (D:1)
  6 bats
  2 frilled lizards
  2 rats
60 creatures vanquished.

Vanquished Creatures (others)
  4 plants (D:1)
4 creatures vanquished.

Grand Total: 64 creatures vanquished

Notes
Turn   | Place    | Note
-------+----------+-------------------------------------------
     0 | D:1      | qw the Gargoyle Fighter began the quest for the Orb.
     0 | D:1      | Reached XP level 1. HP: 14/14 MP: 1/1
     0 | D:1      | 0 ||| qw: Version: 0.2-a-17-g06abaee
     0 | D:1      | 0 ||| qw: Game counter: 2378
     0 | D:1      | 0 ||| qw: Always use a shield: true
     0 | D:1      | 0 ||| qw: God list: Okawaru
     0 | D:1      | 0 ||| qw: Allow faded altars: false
     0 | D:1      | 0 ||| qw: Do Orc after D:15 true
     0 | D:1      | 0 ||| qw: Do second Lair branch before Depths: true
     0 | D:1      | 0 ||| qw: Lair rune preference: random
     0 | D:1      | 0 ||| qw: Plans: Normal, Zot:1-4, God:TSO, Crypt, Tomb,
                  | Pan, Slime:5, Hells, Abyss, Orb
     0 | D:1      | 0 ||| PLANNING D:1-11
    57 | D:1      | Reached skill level 2 in Axes
   111 | D:1      | Reached XP level 2. HP: 19/19 MP: 2/2
   155 | D:1      | 155 ||| DROPPING +0 club.
   428 | D:1      | Reached skill level 3 in Axes
   520 | D:1      | Reached XP level 3. HP: 22/23 MP: 3/3
   825 | D:1      | 825 ||| READING 2 scrolls labelled ZISOCE XAZO.
   830 | D:1      | 830 ||| READING 3 scrolls labelled VEMEN EJOJ.
   831 | D:1      | 831 ||| DRINKING 2 murky pink potions.
   832 | D:1      | 832 ||| READING 2 scrolls of identify.
   832 | D:1      | 832 ||| IDENTIFYING fizzy coppery potion
   979 | D:2      | Found a blossoming altar of Fedhas.
   999 | D:2      | 999 ||| Stepping ~*~*~tactically~*~*~ (stealth).
  1001 | D:2      | 1001 ||| Stepping ~*~*~tactically~*~*~ (hiding).
  1133 | D:2      | Reached skill level 4 in Axes
  1133 | D:2      | Reached XP level 4. HP: 27/28 MP: 4/4
  1374 | D:2      | 1374 ||| DROPPING amulet of faith.
  1375 | D:2      | 1375 ||| READING 3 scrolls of identify.
  1375 | D:2      | 1375 ||| IDENTIFYING fuming white potion
  1376 | D:2      | 1376 ||| DROPPING potion of flight.
  1426 | D:3      | 1426 ||| Stepping ~*~*~tactically~*~*~ (stealth).
  1643 | D:3      | 1643 ||| SWAPPING to +0 broad axe.
  1644 | D:3      | 1644 ||| DROPPING +0 war axe.
  1724 | D:3      | Found a hide-covered altar of Uskayaw.
  1848 | D:3      | Reached skill level 1 in Throwing
  1848 | D:3      | Reached XP level 5. HP: 30/32 MP: 5/5
  1903 | D:3      | Slain by a gnoll bouda

Levels and vault maps discovered:
D:1:      tarquinn_simple_flora_water_e, layout_basic, st_stairs_7,
          serial_bayou_lagoon_b
D:2:      layout_rooms, basic_altar, minmay_cut_off
D:3:      minmay_chambers_of_threes, layout_basic, lemuel_crystal_altar,
          mainiacjoe_overflow_chevrons, minmay_strange_pillars,
          hangedman_feature_mirror

Skill      XL: |  1  2  3  4 |
---------------+-------------+-----
Axes           | 2 3 4 |  4.4
Throwing       | 1 |  1.3
Fighting       | |  3.2
Armour         | |  3.2
Shields        | |  3.2

Action                   |  1- 3 |  4- 6 || total
-------------------------+-------+-------++-------
Melee: War axe           |    97 |    31 ||   128
       Broad axe         |       |    22 ||    22
Throw: Javelin           |       |     5 ||     5
  Use: Scroll            |     3 |     1 ||     4
       Potion            |     1 |       ||     1
Armor: Scale mail        |    44 |    27 ||    71
Dodge: Dodged            |    34 |    23 ||    57
Block: Buckler           |    17 |     9 ||    26

Table legend:
 A = Non-vault XP
 B = Vault XP
 C = Vault XP percentage of total XP
 D = Non-vault monster count
 E = Vault monster count
 F = Vault count percentage of total count
                 A         B        C        D         E       F
            +---------+---------+-------+---------+---------+-------
      Total |     139 |      60 |  30.2 |      46 |      14 |  23.3
            +---------+---------+-------+---------+---------+-------
        D:1 |      35 |       3 |   7.9 |      20 |       2 |   9.1
        D:2 |      89 |       6 |   6.3 |      17 |       3 |  15.0
        D:3 |      15 |      51 |  77.3 |       9 |       9 |  50.0
            +---------+---------+-------+---------+---------+-------
